 Dungeon Crawl Stone Soup version 0.23.2-33-g5129a83184 (webtiles) character file.

Game seed: 2951505628472921366

281 Asagix the Shield-Bearer (level 6, -9/70 HPs)
             Began as a Demonspawn Fighter on June 28, 2019.
             Killed from afar by an electric eel (15 damage)
             ... with a bolt of electricity
             ... on level 4 of the Dungeon.
             The game lasted 00:16:57 (1879 turns).

Asagix the Shield-Bearer (Demonspawn Fighter)       Turns: 1879, Time: 00:17:02

Health: -9/70      AC: 23    Str: 18    XL:     6   Next: 6%
Magic:  6/6        EV:  2    Int:  9    God:
Gold:   190        SH:  9    Dex: 13    Spells: 5/5 levels left

rFire    . . .     SeeInvis .   o - +1 short sword (venom)
rCold    + . .     Gourm    .   c - +0 shield
rNeg     + + +     Faith    .   (armour currently unavailable)
rPois    +         Spirit   .   (helmet currently unavailable)
rElec    .         Reflect  .   (cloak currently unavailable)
rCorr    .         Harm     .   (gloves currently unavailable)
MR       .....     NoTele   +   (boots currently unavailable)
Stlth    +.........             (no amulet)
HPRegen  0.21/turn              y - ring of wizardry
MPRegen  0.10/turn              f - ring of protection from cold

@: tree-form
A: powered by death 1
a: no special abilities


You were on level 4 of the Dungeon.
You were not hungry.
You were a tree.
You visited 1 branch of the dungeon, and saw 4 of its levels.

You collected 190 gold pieces.

Inventory:

Hand Weapons
 a - a +0 war axe
 i - a +0 spear
 k - a +1 short sword of venom
 o - a +1 short sword of venom (weapon)
Armour
 b - a +0 scale mail
 c - a +0 shield (worn)
 l - a +0 ring mail
 u - a +4 chain mail (melded)
 x - a +0 helmet
Jewellery
 f - a ring of protection from cold (right branch)
 y - a ring of wizardry (left branch)
Wands
 q - a wand of flame (17)
 w - a wand of iceblast (9)
Scrolls
 g - 4 scrolls of teleportation
 h - a scroll of enchant armour {unknown}
 j - 4 scrolls of remove curse
 t - a scroll of blinking {unknown}
 z - a scroll of immolation {unknown}
Potions
 d - 2 potions of might
 e - 2 potions of lignification
 m - a potion of magic
 n - a potion of brilliance {unknown}
 p - a potion of flight {unknown}
 s - a potion of invisibility {unknown}
 v - 2 potions of curing {unknown}
Comestibles
 r - 3 rations


   Skills:
 + Level 3.4 Fighting
 + Level 2.1 Short Blades
 + Level 2.1 Axes
 + Level 0.2(1.3) Polearms
 + Level 3.8 Armour
 + Level 1.5 Dodging
 + Level 4.0 Shields


You had 5 spell levels left.
You didn't know any spells.
Your spell library was empty.

Dungeon Overview and Level Annotations

Branches:
Dungeon (4/15)
 Temple: D:4-7

Altars:
Hepliaklqana
Okawaru
Uskayaw
Zin

Shops:
D:4 ((


Innate Abilities, Weirdness & Mutations

((You have a pair of antennae on your head.))
You regenerate a little health from kills.
((You are partially covered in sharp spines.))


Message History

The bolt of electricity hits you. x2
The electric eel shoots out a bolt of lightning at you!
The bolt of electricity hits you! x2
* * * LOW HITPOINT WARNING * * *
The bolt of electricity hits the plant.
There is an open door here.
Okay, then.
It was a potion of lignification.
You turn into a tree.
Your +4 chain mail melds into your body.
Your roots penetrate the ground.
You cannot move.
You cannot move.
It was a potion of magic.
Magic courses through your body.
The electric eel shoots out a bolt of lightning at you!
The bolt of electricity hits you but does no damage. x2
The electric eel shoots out a bolt of lightning at you!
The bolt of electricity hits you!
* * * LOW HITPOINT WARNING * * *
The bolt of electricity hits you!
You die...

#.# #.####...### #.#
#.# ##.## #.###.##
#.# #.##...####.#
.##....©....#.##
........#######......
.###.##.#8.©.8#.#.##.
.. #.#P...P#.# # ..#
#o###♣###.# ≈
#.#;...;#.#
#.#;...≈#.#
#.#≈...≈#.#
#o#≈.♣.≈#...
#.#≈...≈#.###
..#≈...≈#.# ##.#≈.
.≈#.#


You could see 3 electric eels, an orc priest and an orc.

Vanquished Creatures
  A hound (D:4)
  An orc priest (D:3)
  An orc wizard (D:3)
  7 adders
  4 gnolls (D:4)
  2 oozes
  5 worms
  A dart slug (D:2)
  A leopard gecko (D:3)
  8 orcs (D:3)
  5 bats
  5 giant cockroaches
  8 goblins
  3 hobgoblins
  3 jackals (D:2)
  3 quokkas (D:2)
  2 frilled lizards
  2 kobolds
  6 rats
68 creatures vanquished.

Notes
Turn   | Place    | Note
-------+----------+-------------------------------------------
     0 | D:1      | Asagix the Demonspawn Fighter began the quest for the Orb.
     0 | D:1      | Reached XP level 1. HP: 18/18 MP: 1/1
   272 | D:1      | Reached skill level 3 in Shields
   272 | D:1      | Gained mutation: You regenerate a little health from kills.
                  | [demonic ancestry]
   272 | D:1      | Reached XP level 2. HP: 24/24 MP: 2/2
   474 | D:2      | Reached XP level 3. HP: 22/29 MP: 3/3
   528 | D:2      | Found a hide-covered altar of Uskayaw.
   874 | D:2      | Found an iron altar of Okawaru.
   942 | D:2      | Gained mutation: You are partially covered in sharp spines.
                  | [demonic ancestry]
   942 | D:2      | Reached XP level 4. HP: 35/35 MP: 4/4
  1421 | D:3      | Reached skill level 1 in Short Blades
  1430 | D:3      | Found a glowing silver altar of Zin.
  1449 | D:3      | Found a hazy altar of Hepliaklqana.
  1522 | D:3      | Gained mutation: You have a pair of small antennae on your
                  | head. [demonic ancestry]
  1522 | D:3      | Reached XP level 5. HP: 40/41 MP: 5/5
  1532 | D:3      | Reached skill level 1 in Dodging
  1719 | D:4      | Reached skill level 4 in Shields
  1825 | D:4      | Found Virodgh's Antique Weapon Emporium.
  1830 | D:4      | Gained mutation: You have a pair of antennae on your head.
                  | [demonic ancestry]
  1830 | D:4      | Reached XP level 6. HP: 46/47 MP: 6/6
  1835 | D:4      | Found Zezac's Antique Weapon Emporium.
  1856 | D:4      | Found a transporter.
  1879 | D:4      | Killed from afar by an electric eel

Skill      XL: |  1  2  3  4  5 |
---------------+----------------+-----
Shields        | 3 4 |  4.0
Armour         | 3 |  3.8
Axes           | 2 |  2.1
Short Blades   | 1 2 |  2.1
Dodging        | 1 |  1.5
Fighting       | |  3.4
Polearms       | |  0.2

Action                   |  1- 3 |  4- 6 || total
-------------------------+-------+-------++-------
Melee: War axe           |    22 |       ||    22
       Spear             |    17 |       ||    17
       Short sword       |    64 |    93 ||   157
  Use: Scroll            |       |     5 ||     5
       Potion            |       |     2 ||     2
  Eat: Ration            |       |     1 ||     1
Armor: Scale mail        |    19 |       ||    19
       Ring mail         |    30 |     7 ||    37
       Chain mail        |       |    26 ||    26
       Skin              |       |     2 ||     2
Dodge: Dodged            |    27 |    22 ||    49
Block: Shield            |    42 |    45 ||    87
